 Dungeon Crawl Stone Soup version 0.30.1-4-g462c640d31 (webtiles) character file.

Game seed: 6406906572377233711

1 wingedge the Ducker (level 1, -1/10 HPs)
             Began as a Felid Chaos Knight on Aug 28, 2023.
             Was a Plaything of Xom.
             Slain by a ball python (2 damage)
             ... on level 1 of the Dungeon.
             The game lasted 00:00:33 (14 turns).

wingedge the Ducker (Felid Chaos Knight)              Turns: 14, Time: 00:00:34

Health: -1/10      AC:  1    Str:  8    XL:     1   Next: 16%
Magic:  2/2        EV: 14    Int: 13    God:    Xom [..*...]
Gold:   0          SH:  0    Dex: 15    Spells: 0/0 levels left
                                        Lives:  0   Deaths: 0

rFire   . .          .
                       - Unarmed
rCold   . . .        (shield unavailable)
rNeg    . . .        (body armour unavailable)
rPois   .            (helmet unavailable)
rElec   .            (cloak unavailable)
rCorr   .            (gloves unavailable)
SInv    +            (boots unavailable)
Will    .....        (no amulet)
Stlth   +            (no ring)
HPRegen 0.21/turn    (no ring)
MPRegen 0.08/turn

%: no passive effects
@: constricted, quick
A: very small, claws 1, fangs 3, see invisible, speed 1, shaggy fur 1, stealthy
paws, no weapons or thrown items, no armour, multi-lived
a: Renounce Religion


You were on level 1 of the Dungeon.
You worshipped Xom.
You were a toy of Xom.
You visited 1 branch of the dungeon, and saw 1 of its levels.

Inventory:

Scrolls
 b - a scroll of teleportation {unknown}
 c - a scroll of noise {unknown}
Miscellaneous
 a - a piece from Xom's chessboard (15/15) (quivered)


   Skills:
 + Level 3.0 Fighting
 - Level 3.2 Dodging
 + Level 3.0 Unarmed Combat


You couldn't memorise any spells.
You didn't know any spells.
Your spell library was empty.

Dungeon Overview and Level Annotations

Branches:
Dungeon (1/15)

Altars:


Innate Abilities, Weirdness & Mutations

You have sharp claws.
You have razor-sharp teeth.
You have supernaturally acute eyesight. (SInv)
You cover ground quickly. (Speed+)
You are covered in fur. (AC +1)
Your paws help you pounce on unaware monsters.
You are incapable of wielding weapons or throwing items.
You cannot wear armour.
You gain extra lives every three experience levels.


Message History

Welcome, wingedge the Felid Chaos Knight.
It is said that the Orb of Zot exists deep within this dungeon.
Xom says: A new plaything!
Press ? for a list of commands and other information.
Found a scroll labelled NAGRIO NETIM and a scroll labelled BAMMOTATOJ.
Found a staircase leading out of the dungeon.
Your library has no spells.
You don't know any spells.
Okay, then.
Found a scroll labelled JERIFE WIXU.
Found an escape hatch in the floor.
b - a scroll labelled NAGRIO NETIM A ball python and an endoplasm come into view.
The endoplasm quivers.
There are monsters nearby!
You see here a scroll labelled BAMMOTATOJ.
You see here a scroll labelled BAMMOTATOJ.
c - a scroll labelled BAMMOTATOJ The ball python hisses angrily.
You scratch the endoplasm.
The endoplasm is heavily wounded.
The endoplasm freezes you.
You are frozen.
You scratch the endoplasm.
The endoplasm is almost dead.
The endoplasm freezes you.
You are frozen.
Ouch! That really hurt!
You scratch the endoplasm.
You kill the endoplasm!
You barely miss the ball python. The ball python bites you.
* * * LOW HITPOINT WARNING * * *
The ball python grabs you. The ball python constricts you.
* * * LOW HITPOINT WARNING * * *
You scratch the ball python.
The ball python is severely wounded.
The ball python bites you.
You die... "This toy is broken."

#### ..... ####
##...###...
..........
....... .##
###.S.###...#
#>...@..#...#
.#.......#...#
.............#
.?....#......#
.............#
..#.......#....#
. #......<#.....
###...### ..##
...... .##


You could see a ball python.

Vanquished Creatures
  An endoplasm (D:1)
1 creature vanquished.

Notes
Turn   | Place    | Note
-------+----------+-------------------------------------------
     0 | D:1      | wingedge the Felid Chaos Knight began the quest for the
                  | Orb.
     0 | D:1      | Reached XP level 1. HP: 10/10 MP: 2/2
    14 | D:1      | Slain by a ball python

Illustrated notes

Levels and vault maps discovered:
D:1:      minmay_arrival_open_corners, layout_loops_ring, serial_park_tiny_pond,
          minmay_misc_feat_pillars

Action                     || total
---------------------------++-------
  Melee: Unarmed           ||     5
